PAAA
ROYSE CITY TARGARYENS @ NAPERVILLE BATTLEKINGS
07/20/2022
 
TOP OF THE 1ST
Royse City Targaryens batting - Pitching for Naperville Battlekings : LHP Russ Wood
Pitching: LHP Russ Wood
Batting: RHB Alden Wiley 0-0: Ball
1-0: Ground out 5-3 (Groundball, 56)
Batting: RHB Dave Thompson 0-0: Ball
1-0: Ball
2-0: Foul Ball, location: 2F
2-1: Swinging Strike
2-2: Ball
3-2: Base on Balls
Batting: RHB Carl Good 0-0: Ball
1-0: Foul Ball, location: 2F
1-1: Called Strike
1-2: Ball
2-2: SINGLE (Groundball, 4M)
Dave Thompson to second
Batting: SHB Robbie Anderson 0-0: Called Strike
0-1: Called Strike
0-2: Ball
1-2: Ball
2-2: Ball
3-2: Base on Balls
Dave Thompson to third
Carl Good to second
Batting: RHB Héctor Ruíz 0-0: Ball
1-0: Ball
2-0: Called Strike
2-1: Ball
3-1: Base on Balls
Dave Thompson scores
Carl Good to third
Robbie Anderson to second
Batting: RHB Bartolo Martínez 0-0: Called Strike
0-1: Ball
1-1: Foul Ball, location: 2F
1-2: Ball
2-2: Ball
3-2: GRAND SLAM HOME RUN (Line Drive, 78XD), Distance : 410 ft
Batting: RHB Spencer Curry 0-0: SINGLE (Line Drive, 89S)
Batting: RHB Thomas Dunlap 0-0: Called Strike
0-1: Ball
Wild Pitch!
Spencer Curry to second
1-1: Foul Ball, location: 2F
1-2: Ball
2-2: Ground out 6-3 (Groundball, 6)
Batting: RHB Sancho Balderas 0-0: Ball
1-0: Ball
2-0: Ball
3-0: Called Strike
3-1: Fly out, F9 (Flyball, 9LM)
Top of the 1st over - 5 run(s), 3 hit(s), 0 error(s), 1 left on base; Royse City 5 - Naperville 0
BOTTOM OF THE 1ST
Naperville Battlekings batting - Pitching for Royse City Targaryens : RHP Juan Cruz
Pitching: RHP Juan Cruz
Batting: RHB Scott Peterson 0-0: DOUBLE (Line Drive, 6M)
Batting: RHB Tony Sánchez 0-0: Called Strike
0-1: Called Strike
0-2: Ball
1-2: Foul Ball, location: 2F
1-2: Ball
2-2: Foul Ball, location: 2F
2-2: Fly out, F9 (Line Drive, 89D)
Runner from 2nd tags up, SAFE at 3rd, no throw
Batting: RHB Joe Ferneyhough 0-0: Called Strike
0-1: Ball
1-1: Ground out 5-3 (Groundball, 5)
Batting: RHB Pedro González 0-0: Foul Ball, location: 2F
0-1: Called Strike
0-2: Ball
1-2: SINGLE (Groundball, 5D)
Scott Peterson scores
Batting: RHB Sal Haynes 0-0: Called Strike
0-1: Ground out 1-3 (Groundball, 34S)
Bottom of the 1st over - 1 run(s), 2 hit(s), 0 error(s), 1 left on base; Royse City 5 - Naperville 1
TOP OF THE 2ND
Royse City Targaryens batting - Pitching for Naperville Battlekings : LHP Russ Wood
Batting: RHB Alden Wiley 0-0: Called Strike
0-1: Ball
1-1: Foul Ball, location: 2F
1-2: Foul Ball, location: 2F
1-2: Foul Ball, location: 2F
1-2: Ball
2-2: Ball
3-2: Ground out 6-3 (Groundball, 6)
Batting: RHB Dave Thompson 0-0: Called Strike
0-1: Ball
1-1: Called Strike
1-2: Foul Ball, location: 2F
1-2: Ball
2-2: Ball
3-2: Reached on error, E5 (Groundball, 5)
Batting: RHB Carl Good 0-0: Ball
1-0: Ball
2-0: Called Strike
2-1: Ground out 6-3 (Groundball, 6)
Batting: SHB Robbie Anderson 0-0: Ball
1-0: Called Strike
1-1: Foul Ball, location: 2F
1-2: Strikes out swinging
Top of the 2nd over - 0 run(s), 0 hit(s), 1 error(s), 1 left on base; Royse City 5 - Naperville 1
BOTTOM OF THE 2ND
Naperville Battlekings batting - Pitching for Royse City Targaryens : RHP Juan Cruz
Batting: RHB Carlos Gómez 0-0: Foul Ball, location: 2F
0-1: Ball
1-1: Foul Ball, location: 2F
1-2: Foul Ball, location: 2F
1-2: Ground out 6-3 (Groundball, 6M)
Batting: RHB Kevin Tyler 0-0: Called Strike
0-1: Ground out 6-3 (Groundball, 6)
Batting: RHB Tim Little 0-0: Called Strike
0-1: Ball
1-1: Ball
2-1: Ball
3-1: Fly out, F7 (Flyball, 7LMF)
Bottom of the 2nd over - 0 run(s), 0 hit(s), 0 error(s), 0 left on base; Royse City 5 - Naperville 1
TOP OF THE 3RD
Royse City Targaryens batting - Pitching for Naperville Battlekings : LHP Russ Wood
Batting: RHB Héctor Ruíz 0-0: Ground out 4-3 (Groundball, 4M)
Batting: RHB Bartolo Martínez 0-0: Ball
1-0: Ball
2-0: Ball
3-0: Called Strike
3-1: Base on Balls
Batting: RHB Spencer Curry 0-0: Foul Ball, location: 2F
0-1: Ball
1-1: Foul Ball, location: 2F
1-2: Ball
2-2: Foul Ball, location: 2F
2-2: Foul Ball, location: 2F
2-2: Ball
3-2: Strikes out swinging
Batting: RHB Thomas Dunlap 0-0: Ball
1-0: Ball
2-0: Ball
3-0: Called Strike
3-1: Base on Balls
Bartolo Martínez to second
Batting: RHB Sancho Balderas 0-0: Foul Ball, location: 2F
0-1: Foul Ball, location: 2F
0-2: Strikes out swinging
Top of the 3rd over - 0 run(s), 0 hit(s), 0 error(s), 2 left on base; Royse City 5 - Naperville 1
BOTTOM OF THE 3RD
Naperville Battlekings batting - Pitching for Royse City Targaryens : RHP Juan Cruz
Batting: LHB Alfonso Martínez 0-0: Called Strike
0-1: Ball
1-1: Ball
2-1: Ground out U3 (Groundball, 3S)
Batting: RHB Scott Peterson 0-0: Ground out 4-3 (Groundball, 4)
Batting: RHB Tony Sánchez 0-0: Called Strike
0-1: Ground out 6-3 (Groundball, 6M)
Bottom of the 3rd over - 0 run(s), 0 hit(s), 0 error(s), 0 left on base; Royse City 5 - Naperville 1
TOP OF THE 4TH
Royse City Targaryens batting - Pitching for Naperville Battlekings : LHP Russ Wood
Batting: RHB Alden Wiley 0-0: Ball
1-0: Ball
2-0: Ground out 4-3 (Groundball, 4)
Batting: RHB Dave Thompson 0-0: Swinging Strike
0-1: Ball
1-1: Foul Ball, location: 2F
1-2: Foul Ball, location: 2F
1-2: Ball
2-2: Strikes out swinging
Batting: RHB Carl Good 0-0: Ball
1-0: Ball
2-0: Called Strike
2-1: Ball
3-1: Base on Balls
Batting: SHB Robbie Anderson 0-0: Ball
1-0: Ball
2-0: Ball
3-0: Called Strike
3-1: Foul Ball, location: 2F
3-2: Base on Balls
Carl Good to second
Batting: RHB Héctor Ruíz 0-0: Ball
1-0: Ball
2-0: Swinging Strike
2-1: Reached on error, E3 (Groundball, 3S)
Carl Good to third
Robbie Anderson to second
Pitching: RHP Waylon Anderson
Batting: RHB Bartolo Martínez 0-0: Ball
1-0: Ball
2-0: Ball
3-0: Called Strike
3-1: Called Strike
3-2: Fly out, F9 (Flyball, 9M)
Top of the 4th over - 0 run(s), 0 hit(s), 1 error(s), 3 left on base; Royse City 5 - Naperville 1
BOTTOM OF THE 4TH
Naperville Battlekings batting - Pitching for Royse City Targaryens : RHP Juan Cruz
Batting: RHB Joe Ferneyhough 0-0: Ground out 1-3 (Groundball, 34S)
Batting: RHB Pedro González 0-0: Ball
1-0: Foul Ball, location: 2F
1-1: Ball
2-1: Ball
3-1: Foul Ball, location: 2F
3-2: Strikes out swinging
Batting: RHB Sal Haynes 0-0: Called Strike
0-1: Ball
1-1: Foul Ball, location: 2F
1-2: Fly out, F8 (Flyball, 8LM)
Bottom of the 4th over - 0 run(s), 0 hit(s), 0 error(s), 0 left on base; Royse City 5 - Naperville 1
TOP OF THE 5TH
Royse City Targaryens batting - Pitching for Naperville Battlekings : RHP Waylon Anderson
Batting: RHB Spencer Curry 0-0: Ground out 4-3 (Groundball, 4)
Batting: RHB Thomas Dunlap 0-0: Ball
1-0: SINGLE (Groundball, 4MD)
Batting: RHB Sancho Balderas 0-0: Ball
1-0: DOUBLE (Line Drive, 6MD)
Thomas Dunlap to third
Batting: RHB Alden Wiley 0-0: Intentional Walk
Batting: RHB Dave Thompson 0-0: Swinging Strike
0-1: Ball
Wild Pitch!
Thomas Dunlap scores
Sancho Balderas to third
Alden Wiley to second
1-1: Swinging Strike
1-2: Ball
2-2: Strikes out swinging
Batting: RHB Carl Good 0-0: Ball
1-0: Ball
2-0: Ball
3-0: Base on Balls
Batting: SHB Robbie Anderson 0-0: Ball
1-0: Fly out, F7 (Flyball, 7D)
Top of the 5th over - 1 run(s), 2 hit(s), 0 error(s), 3 left on base; Royse City 6 - Naperville 1
BOTTOM OF THE 5TH
Naperville Battlekings batting - Pitching for Royse City Targaryens : RHP Juan Cruz
Batting: RHB Carlos Gómez 0-0: Fly out, F3 (Popup, 3SF)
Batting: RHB Kevin Tyler 0-0: Ball
1-0: Ball
2-0: Called Strike
2-1: Foul Ball, location: 2F
2-2: SINGLE (Line Drive, 56)
Batting: RHB Tim Little 0-0: Foul Ball, location: 2F
0-1: Ball
1-1: Foul Ball, location: 2F
1-2: Ground out 5-3 (Groundball, 56S)
Kevin Tyler to second
Batting: LHB Alfonso Martínez 0-0: Foul Ball, location: 2F
0-1: Ball
1-1: Ground out U3 (Groundball, 3S)
Bottom of the 5th over - 0 run(s), 1 hit(s), 0 error(s), 1 left on base; Royse City 6 - Naperville 1
TOP OF THE 6TH
Royse City Targaryens batting - Pitching for Naperville Battlekings : RHP Waylon Anderson
Batting: RHB Héctor Ruíz 0-0: Called Strike
0-1: Ball
1-1: Called Strike
1-2: Ball
2-2: Ball
3-2: Foul Ball, location: 2F
3-2: Base on Balls
Batting: RHB Bartolo Martínez 0-0: Called Strike
0-1: Fly out, F7 (Flyball, 78S)
Batting: RHB Spencer Curry 0-0: Ball
Héctor Ruíz steals 2nd base
1-0: SINGLE (Line Drive, 6D)
Héctor Ruíz to third
Batting: RHB Thomas Dunlap 0-0: Ball
1-0: Called Strike
1-1: Called Strike
1-2: Fly out, F4 (Line Drive, 4)
1-2: Fly out, F4 (Line Drive, 4)
Batting: RHB Sancho Balderas 0-0: DOUBLE (Flyball, 78M)
Héctor Ruíz scores
Spencer Curry to third
Batting: RHB Alden Wiley 0-0: Ball
1-0: Foul Ball, location: 2F
1-1: DOUBLE (Flyball, 8LXD)
Spencer Curry scores
Sancho Balderas scores
Pitching: LHP Dusty Muhidini
Batting: RHB Dave Thompson 0-0: Ball
1-0: Swinging Strike
1-1: Fly out, F3 (Popup, 3DF)
Top of the 6th over - 3 run(s), 3 hit(s), 0 error(s), 1 left on base; Royse City 9 - Naperville 1
BOTTOM OF THE 6TH
Naperville Battlekings batting - Pitching for Royse City Targaryens : RHP Juan Cruz
Batting: RHB Scott Peterson 0-0: Called Strike
0-1: Foul Ball, location: 2F
0-2: Ball
1-2: SINGLE (Line Drive, 8LS)
Batting: RHB Tony Sánchez 0-0: Ball
1-0: Ball
2-0: Called Strike
2-1: Ball
3-1: Grounds into double play, 5-4-3 (Groundball, 56)
Batting: RHB Joe Ferneyhough 0-0: Ball
1-0: Ball
2-0: Called Strike
2-1: Fly out, F9 (Flyball, 9LM)
Bottom of the 6th over - 0 run(s), 1 hit(s), 0 error(s), 0 left on base; Royse City 9 - Naperville 1
TOP OF THE 7TH
Royse City Targaryens batting - Pitching for Naperville Battlekings : LHP Dusty Muhidini
Batting: RHB Carl Good 0-0: Ball
1-0: Ball
2-0: Ball
3-0: Base on Balls
Batting: SHB Robbie Anderson 0-0: Grounds into double play, 5-4-3 (Groundball, 5)
Batting: RHB Héctor Ruíz 0-0: Foul Ball, location: 2F
0-1: DOUBLE (Flyball, 8LM)
Batting: RHB Bartolo Martínez 0-0: Ball
1-0: Ball
2-0: Foul Ball, location: 2F
2-1: Ground out 5-3 (Groundball, 5L)
Top of the 7th over - 0 run(s), 1 hit(s), 0 error(s), 1 left on base; Royse City 9 - Naperville 1
BOTTOM OF THE 7TH
Naperville Battlekings batting - Pitching for Royse City Targaryens : RHP Juan Cruz
Pitching: LHP Dan Boyle
Batting: RHB Pedro González 0-0: Fly out, F9 (Flyball, 89M)
Batting: RHB Sal Haynes 0-0: Ball
1-0: Ball
2-0: Swinging Strike
2-1: Ball
3-1: Called Strike
3-2: Strikes out swinging
Batting: RHB Carlos Gómez 0-0: Foul Ball, location: 2F
0-1: Ball
1-1: Foul Ball, location: 2F
1-2: Ball
2-2: Foul Ball, location: 2F
2-2: Strikes out swinging
Bottom of the 7th over - 0 run(s), 0 hit(s), 0 error(s), 0 left on base; Royse City 9 - Naperville 1
TOP OF THE 8TH
Royse City Targaryens batting - Pitching for Naperville Battlekings : LHP Dusty Muhidini
Batting: RHB Spencer Curry 0-0: SINGLE (Groundball, 56D)
Batting: RHB Thomas Dunlap 0-0: Reached on error, E1 (Groundball, 13)
Spencer Curry to second
Batting: RHB Sancho Balderas 0-0: Called Strike
0-1: Foul Ball, location: 2F
0-2: Foul Ball, location: 2F
0-2: Ball
1-2: Foul Ball, location: 2F
1-2: Foul Ball, location: 2F
1-2: Ball
2-2: Fly out, F7 (Flyball, 7M)
Batting: RHB Alden Wiley 0-0: Foul Ball, location: 2F
0-1: Ball
1-1: Ball
Wild Pitch!
Spencer Curry to third
Thomas Dunlap to second
2-1: Foul Ball, location: 2F
2-2: Foul Ball, location: 2F
2-2: Foul Ball, location: 2F
2-2: Ball
3-2: SINGLE (Line Drive, 89S)
Spencer Curry scores
Thomas Dunlap to third
Runner from 3rd tries for Home, SAFE, no throw or cutoff
Pinch Hitting: LHB Fernando Ramírez 0-0: Ball
1-0: Called Strike
1-1: Fly out, F8 (Flyball, 8LD)
Batting: RHB Carl Good 0-0: Ball
1-0: Foul Ball, location: 2F
1-1: Fly out, F9 (Flyball, 89M)
Top of the 8th over - 2 run(s), 2 hit(s), 1 error(s), 1 left on base; Royse City 11 - Naperville 1
BOTTOM OF THE 8TH
Naperville Battlekings batting - Pitching for Royse City Targaryens : LHP Dan Boyle
Pitching: LHP Eugene Baker
Now at 1B: Miguel Juárez
Batting: RHB Kevin Tyler 0-0: Ball
1-0: Fly out, F9 (Flyball, 9D)
Batting: RHB Tim Little 0-0: Ball
1-0: Ball
2-0: Foul Ball, location: 2F
2-1: Foul Ball, location: 2F
2-2: Foul Ball, location: 2F
2-2: Strikes out swinging
Batting: LHB Alfonso Martínez 0-0: Ball
1-0: Ball
2-0: Fly out, F6 (Line Drive, 6M)
Bottom of the 8th over - 0 run(s), 0 hit(s), 0 error(s), 0 left on base; Royse City 11 - Naperville 1
TOP OF THE 9TH
Royse City Targaryens batting - Pitching for Naperville Battlekings : LHP Dusty Muhidini
Pitching: RHP Culley Adjeng
Batting: SHB Robbie Anderson 0-0: Foul Ball, location: 2F
0-1: SINGLE (Groundball, 34D)
Batting: RHB Héctor Ruíz 0-0: Ball
1-0: Ball
2-0: Ball
3-0: Base on Balls
Robbie Anderson to second
Batting: RHB Bartolo Martínez 0-0: Called Strike
0-1: Foul Ball, location: 2F
0-2: Ball
1-2: Strikes out looking
Pinch Hitting: LHB Carlos Álvarez 0-0: Ball
1-0: Fly out, F8 (Flyball, 8LM)
Batting: RHB Thomas Dunlap 0-0: Ball
1-0: Ball
2-0: Ball
3-0: Called Strike
3-1: Called Strike
3-2: Base on Balls
Robbie Anderson to third
Héctor Ruíz to second
Batting: RHB Sancho Balderas 0-0: DOUBLE (Flyball, 78XD)
Robbie Anderson scores
Héctor Ruíz scores
Thomas Dunlap to third
Batting: RHB Alden Wiley 0-0: Ball
1-0: Called Strike
1-1: Swinging Strike
1-2: Strikes out looking
Top of the 9th over - 2 run(s), 2 hit(s), 0 error(s), 2 left on base; Royse City 13 - Naperville 1
BOTTOM OF THE 9TH
Naperville Battlekings batting - Pitching for Royse City Targaryens : LHP Eugene Baker
Now at 3B: Domingo García
Now in RF: Paul Wilson
Batting: RHB Scott Peterson 0-0: Foul Ball, location: 2F
0-1: Ball
1-1: Ball
2-1: Ball
3-1: SINGLE (Groundball, 13) (infield hit)
Batting: RHB Tony Sánchez 0-0: Ball
1-0: Ball
2-0: Foul Ball, location: 2F
2-1: Swinging Strike
2-2: Ball
3-2: Base on Balls
Scott Peterson to second
Batting: RHB Joe Ferneyhough 0-0: Ball
1-0: Swinging Strike
1-1: Swinging Strike
1-2: Fly out, F7 (Line Drive, 7S)
Batting: RHB Pedro González 0-0: Ball
1-0: Ball
2-0: Called Strike
2-1: SINGLE (Groundball, 23) (infield hit)
Scott Peterson to third
Tony Sánchez to second
Batting: RHB Sal Haynes 0-0: Fly out, F9 (Flyball, 9M)
Runner from 3rd tags up, SCORES, no throw
Batting: RHB Carlos Gómez 0-0: Called Strike
0-1: Ball
1-1: Ball
2-1: Ball
3-1: Called Strike
3-2: Strikes out looking
Bottom of the 9th over - 1 run(s), 2 hit(s), 0 error(s), 2 left on base; Royse City 13 - Naperville 2
This league is powered by Out of the Park Baseball, the baseball management simulation game for PC, Mac and Linux
Friday, April 15th, 2016 - OOTP Baseball 16.9 Build 39